 Dungeon Crawl Stone Soup version 0.30-a0-726-gd89dcf765f (webtiles) character file.

Game seed: 14851756730112275111

1475 M4edhros the Martial Artist (level 8, -2/81 HPs)
             Began as an Octopode Monk on Jan 29, 2023.
             Was an Initiate of Cheibriados.
             Slain by a human
             ... wielding a +0 war axe
              (5 damage)
             ... in a bailey.
             The game lasted 00:13:47 (5706 turns).

M4edhros the Martial Artist (Octopode Monk)         Turns: 5706, Time: 00:13:48

Health: -2/81      AC: 24    Str: 13    XL:     8   Next: 78%
Magic:  8/8        EV:  2    Int: 11    God:    Cheibriados [......]
Gold:   344        SH:  6    Dex: 24    Spells: 4/7 levels left

rFire   . . .      SeeInvis .      - Unarmed
rCold   + . .      Faith    .    k - +0 buckler
rNeg    . . .      Spirit   .    (helmet currently unavailable)
rPois   +          Reflect  .    (no amulet)
rElec   .          Harm     .    q - ring of Louseir {rC+ Will+ Str+2 Dex+6}
rCorr   .          Rampage  .    (no ring)
Will    +....      NoTele   +    (no ring)
Stlth   +++                      (no ring)
HPRegen 0.00/turn                (no ring)
MPRegen 0.11/turn                (no ring)
                                 (no ring)
                                 (no ring)

@: tree-form, inhibited regen, very slow
A: stationary, stasis, torment immunity, boosted hp, almost no armour,
(amphibious), 8 rings, (camouflage 1), (gelatinous body 1), (nimble swimmer 1),
(tentacles), dopey 1, inhibited regeneration, evolution 1
a: Renounce Religion


You were in a bailey.
You worshipped Cheibriados.
Cheibriados was noncommittal.
You were a tree.
You visited 2 branches of the dungeon, and saw 8 of its levels.
You also visited: Ossuary and Bailey.

You collected 344 gold pieces.

Inventory:

Hand Weapons
 n - a +3 quarterstaff of chaos
Missiles
 i - 18 poisoned darts (quivered)
 t - 3 atropa-tipped darts
 u - 5 boomerangs
Armour
 k - a +0 buckler (worn)
Jewellery
 q - the ring of Louseir (left branch) {rC+ Will+ Str+2 Dex+6}
   (You found it on level 5 of the Dungeon)

   [ring of dexterity]

   Str:       It affects your strength (+2).
   Dex:       It affects your dexterity (+6).
   rC:        It protects you from cold.
   Will:      It increases your willpower.
Wands
 a - a wand of paralysis (3)
 f - a wand of quicksilver (3)
 m - a wand of roots (8)
Scrolls
 c - 2 scrolls of teleportation
 e - a scroll of magic mapping
 g - 3 scrolls of noise
 h - 7 scrolls of vulnerability
 o - a scroll of immolation {unknown}
 s - a scroll of fear {unknown}
Potions
 b - a potion of cancellation


   Skills:
 + Level 4.4 Fighting
 + Level 4.4 Dodging
 - Level 2.6 Stealth
 + Level 2.2 Shields
 * Level 9.7 Unarmed Combat


You had 4 spell levels left.
You knew the following spells:

 Your Spells              Type           Power      Damage    Failure   Level
a - Mephitic Cloud        Conj/Pois/Air  0%         N/A       80%         3

Your spell library contained the following spells:

 Spells                   Type           Power      Damage    Failure   Level
 Sandblast                Erth           0%         2d4       43%         1
 Blink                    Tloc           0%         N/A       56%         2
 Cigotuvi's Dreadful Rot  Necr/Pois/Air  0%         N/A       56%         2
 Passwall                 Tmut/Erth      0%         N/A       56%         2
 Poisonous Vapours        Pois/Air       0%         N/A       56%         2
 Portal Projectile        Hex/Tloc       0%         N/A       80%         3
 Stone Arrow              Conj/Erth      0%         3d7       80%         3
 Vhi's Electric Charge    Tloc/Air       0%         N/A       80%         3
 Statue Form              Tmut/Erth      0%         N/A       100%        6


Dungeon Overview and Level Annotations

Branches:
Dungeon (7/15)             Temple (1/1) D:5         Ossuary (visited)
 Bailey (1/1)

Altars:
Ashenzari
Cheibriados
Dithmenos
Elyvilon
Fedhas
Gozag
Hepliaklqana
Kikubaaqudgha
Makhleb
Nemelex Xobeh
Okawaru
Qazlal
Ru
Sif Muna
Trog
Uskayaw
Vehumet
Wu Jian
Xom
Yredelemnul
Zin
The Shining One

Annotations:
D:4 Grinder


Innate Abilities, Weirdness & Mutations

You are a tree.
Your roots penetrate the ground, keeping you stationary.
You cannot be teleported.
You are immune to unholy pain and torment.
Your maximum health is greatly increased.
You cannot wear most types of armour.
((You are amphibious.))
You can wear up to eight rings at the same time.
((Your skin changes colour to match your surroundings (Stealth+).))
((Your rubbery body absorbs attacks. (AC +1, EV +1)))
((You are camouflaged when in or above water. (Stealth+)))
((You have tentacles for arms and can constrict up to eight enemies at once.))
You are dopey. (Int -2)
You do not regenerate when monsters are visible.
You have hidden genetic potential.


Message History

* * * LOW HITPOINT WARNING * * *
You feel better.
You constrict the human.
You kill the human!
Cheibriados appreciates the change of pace.
Your Shields skill increases to level 2!
It was a potion of magic.
Magic courses through your body.
The orc is engulfed in seething chaos.
You block the orc's attack.
It was a potion of mutation.
You feel extremely strange.
You feel stupid.
Your regeneration stops near monsters.
You feel a hidden potential growing inside you.
The orc completely misses you.
Really quaff the potion of lignification?
You turn into a tree.
Your roots penetrate the ground.
The orc hits you but does no damage.
A human comes into view. It is wielding a +0 war axe.
You barely miss the orc. The orc hits you with a +0 hand axe.
* * * LOW HITPOINT WARNING * * *
You barely miss the orc. The orc hits you but does no damage.
You smack the orc!
You kill the orc!
Cheibriados thoroughly appreciates the change of pace.
A human comes into view. It is wielding a +2 heavy hand axe.
You hit the human.
The human is lightly wounded.
You smack the human!
The human is heavily wounded.
The human hits you with a +0 heavy hand axe!
* * * LOW HITPOINT WARNING * * *
An orc comes into view. It is wielding a +0 hand axe.
The human hits you with a +0 war axe!
* * * LOW HITPOINT WARNING * * *
Okay, then.
As you read the scroll labelled ABYOTR ALENYA, it crumbles to dust.
You feel a surge of unholy energy.
The human convulses! x3; The orc convulses!
It was a scroll of torment.
The human hits you with a +0 heavy hand axe.
* * * LOW HITPOINT WARNING * * *
The human hits you with a +0 war axe.
You die...
Xom guffaws!

##### ##...##
+..∩..#
######♣....#
#...ppp.∩..#
#.....o##...##
#...... #####
######. ##


You could see 3 humans and an orc.

Vanquished Creatures
  A human (Bailey)
  Edmund (D:4)
  A black bear (D:4)
  An ice beast (D:5)
  A centaur (D:7)
  An elf zombie (Ossuary)
  A necrophage (D:4)
  A scorpion (D:4)
  A human zombie (Ossuary)
  Crazy Yiuf (D:2)
  2 hounds
  2 jellies
  2 orc priests
  Ijyb (D:4)
  4 iguanas
  2 orc wizards
  5 mummies
  Robin (D:4)
  4 gnolls (D:5)
  4 adders
  2 shadow imps
  2 white imps
  3 worms
  4 dart slugs
  26 orcs
  9 endoplasms
  A giant cockroach (D:3)
  9 hobgoblins
  4 jackals (D:3)
  11 kobolds
  3 quokkas
  9 ball pythons
  6 bats
  13 goblins
  A goblin zombie (Ossuary)
  2 hobgoblin zombies (Ossuary)
  2 jackal zombies (Ossuary)
  4 kobold zombies (Ossuary)
  An orc zombie (Ossuary)
  3 rats
152 creatures vanquished.

Notes
Turn   | Place    | Note
-------+----------+-------------------------------------------
     0 | D:1      | M4edhros the Octopode Monk began the quest for the Orb.
     0 | D:1      | Reached XP level 1. HP: 16/16 MP: 1/1
   300 | D:1      | Reached XP level 2. HP: 20/21 MP: 2/2
   709 | D:2      | Found a faded altar of an unknown god.
   735 | D:2      | Reached skill level 4 in Unarmed Combat
   865 | D:2      | Reached XP level 3. HP: 26/26 MP: 3/3
  1123 | D:2      | Found the +5 Force Lance {heavy, knockback}
  1276 | D:3      | Reached XP level 4. HP: 21/31 MP: 4/4
  1410 | D:4      | Noticed a necrophage
  1468 | D:3      | Reached skill level 5 in Unarmed Combat
  1653 | D:3      | Found a bloodstained altar of Trog.
  1777 | D:3      | Reached XP level 5. HP: 32/36 MP: 5/5
  1871 | D:4      | Got the Spellbook of Moving Bedrock
  1876 | D:4      | Learned a level 3 spell: Mephitic Cloud
  1883 | D:4      | Noticed a black bear
  1885 | D:4      | Noticed Edmund
  1891 | D:4      | Reached skill level 6 in Unarmed Combat
  1891 | D:4      | HP: 1/29 [Edmund/+2 heavy dire flail (21)]
  1911 | D:4      | Found a sand-covered staircase.
  1920 | Ossuary  | Entered an ossuary
  2185 | Ossuary  | Reached XP level 6. HP: 22/42 MP: 6/6
  2212 | Ossuary  | Reached skill level 7 in Unarmed Combat
  2469 | D:4      | Killed a black bear
  2503 | D:4      | Reached XP level 7. HP: 17/46 MP: 7/7
  2514 | D:4      | HP: 2/66 [necrophage (7)]
  2682 | D:4      | Noticed Ijyb
  2682 | D:4      | Paralysed by Ijyb for 5 turns
  2694 | D:4      | Paralysed by Ijyb for 4 turns
  2703 | D:4      | Reached skill level 8 in Unarmed Combat
  2703 | D:4      | Killed Ijyb
  2775 | D:4      | Noticed Robin
  2781 | D:4      | Killed Robin
  3054 | D:4      | Killed Edmund
  3233 | D:4      | Reached XP level 8. HP: 39/52 MP: 8/8
  3446 | D:4      | Reached skill level 9 in Unarmed Combat
  3464 | D:4      | Noticed Grinder
  3489 | D:5      | Entered Level 5 of the Dungeon
  3771 | D:5      | Reached skill level 1 in Shields
  3805 | D:5      | Found a staircase to the Ecumenical Temple.
  3866 | Temple   | Entered the Ecumenical Temple
  3953 | Temple   | Became a worshipper of Xom of Chaos
  4101 | D:2      | Found a runed translucent door.
  4102 | D:2      | Noticed Crazy Yiuf
  4376 | D:2      | XOM: potion effect (brilliance)
  4379 | D:2      | Killed Crazy Yiuf
  5274 | D:5      | XOM: silly message
  5357 | D:5      | Identified the ring of Louseir {rC+ Will+ Str+2 Dex+6}
  5415 | D:5      | XOM: 4-stop teleportation journey
  5532 | D:7      | Found an opulent altar of Gozag.
  5544 | D:7      | Found a hide-covered altar of Uskayaw.
  5557 | D:7      | XOM: god gift: 3 atropa-tipped darts
  5627 | D:7      | Found a snail-covered altar of Cheibriados.
  5627 | D:7      | XOM: cloud trail
  5636 | D:7      | Fell from the grace of Xom
  5636 | D:7      | Became a worshipper of Cheibriados the Contemplative
  5665 | D:7      | Found a flagged portal.
  5685 | Bailey   | Entered a bailey
  5699 | Bailey   | Gained mutation: You are dopey. (Int -2) [potion of
                  | mutation]
  5699 | Bailey   | Gained mutation: You do not regenerate when monsters are
                  | visible. [potion of mutation]
  5699 | Bailey   | Gained mutation: You have hidden genetic potential. [potion
                  | of mutation]
  5706 | Bailey   | HP: 3/81 [human/+0 heavy hand axe (3)]
  5706 | Bailey   | Slain by a human

Illustrated notes

Levels and vault maps discovered:
D:1:      shiori_arrival_maze, layout_loops_ring, minmay_door_square
D:2:      layout_basic, nicolae_ecumenical_pavilion, uniq_crazy_yiuf_cottage
D:3:      minmay_inner_zag, layout_basic, trog_three_pillars_becter,
          small_statue_intersection
D:4:      layout_loops_ring, lightli_ossuary_entry_decrepit_ruins,
          hangedman_decor_growths, minmay_misc_feat_iff, grunt_ministairs_11,
          uniq_ijyb, uniq_edmund, uniq_grinder, uniq_robin
D:5:      layout_gridville, minmay_temple_entry_poolview
D:6:      nicolae_whirlpool, layout_loops_ring, minmay_fractal_squares_5
D:7:      layout_loops_corners, lemuel_tele_altar, slow_altar_2,
          nicolae_gozag_cash_rules_everything_around_me, enter_bailey_4,
          hangedman_decor_points, corexii_hall_statues_x
Temple:   nicolae_temple_two_arcs
Bailey:   bailey_axe_froggy_fort_hellmonk, bailey

Skill      XL: |  1  2  3  4  5  6  7  8 |
---------------+-------------------------+-----
Unarmed Combat | 4 5 6 7 8 9 |  9.7
Shields        | 2 |  2.2
Fighting       | 4 |  4.4
Dodging        | 4 |  4.4
Stealth        | |  2.6

Action                     |  1- 3 |  4- 6 |  7- 9 || total
---------------------------+-------+-------+-------++-------
  Melee: Unarmed           |    60 |   115 |   172 ||   347
         Tentacles         |    16 |    24 |    42 ||    82
         Constrict         |    16 |    26 |    43 ||    85
         Punch             |     2 |     3 |    11 ||    16
  Evoke: Wand              |       |       |     5 ||     5
    Use: Scroll            |     5 |     5 |     3 ||    13
         Potion            |     2 |     9 |     7 ||    18
   Stab: Sleeping          |    11 |     7 |    19 ||    37
         Paralysed         |       |       |    11 ||    11
         Distracted        |       |       |     2 ||     2
 Armour: Skin              |     2 |    31 |     6 ||    39
  Dodge: Dodged            |    39 |    78 |    61 ||   178
  Block: Buckler           |       |       |    17 ||    17

Table legend: (Time is in decaauts)
 A = Elapsed time spent in this place.
 B = Non-inter-level travel time spent in this place.
 C = Inter-level travel time spent in this place.
 D = Time resting spent in this place.
 E = Time spent auto-exploring this place.
 F = Levels seen in this place.
 G = Mean time per level.
                   A        B        C        D        E       F      G
               +--------+--------+--------+--------+--------+-----+--------+
         Total |   5686 |   5205 |    481 |    360 |   3246 |  10 |  568.6 |
       Dungeon |   5099 |   4628 |    471 |    339 |   3088 |   7 |  728.4 |
        Temple |     96 |     87 |      9 |      0 |      0 |   1 |   96.0 |
       Ossuary |    469 |    469 |      0 |     21 |    156 |   1 |  469.0 |
        Bailey |     21 |     21 |      0 |      0 |      2 |   1 |   21.0 |
               +--------+--------+--------+--------+--------+-----+--------+

Top non-repeatable levels by time:
     D:4: 1403 daAuts
     D:3: 1188 daAuts
     D:2: 961 daAuts
     D:1: 709 daAuts
     D:5: 615 daAuts
 Ossuary: 469 daAuts
     D:7: 189 daAuts
  Temple: 96 daAuts
     D:6: 31 daAuts
  Bailey: 21 daAuts
